 Dungeon Crawl Stone Soup version 0.15-a0-1689-gfa11693 (webtiles) character file.

457 Morrogh the Ducker (level 6, 0/29 HPs)
             Began as a Felid Berserker on June 25, 2014.
             Was a Believer of Trog.
             Slain by a goliath beetle (14 damage)
             ... on Level 5 of the Dungeon.
             The game lasted 00:50:39 (4888 turns).

Morrogh the Ducker (Felid Berserker)                Turns: 4888, Time: 00:50:39

HP   0/29        AC  2     Str 15      XL: 6   Next: 77%
MP  10/10        EV 21     Int  9      God: Trog [**....]
Gold 154         SH  0     Dex 15      Spells:  0 memorised,  5 levels left
Lives: 0, deaths: 1

rFire  . . .     SeeInvis +       - Unarmed
rCold  . . .     Clarity  .     (armour unavailable)
rNeg   . . .     rCorr    .     (shield unavailable)
rPois  .         rRot     .     (helmet unavailable)
rElec  .         Spirit   .     (cloak unavailable)
SustAb .         Warding  .     (gloves unavailable)
rMut   .         Stasis   .     (boots unavailable)
Gourm  .                        (no amulet)
MR     ++...                    (no ring)
                                (no ring)

@: exhausted, regenerating, slowed, slow, very resistant to hostile
enchantments, fairly stealthy
A: paw claws, no armour, no weapons or thrown items, fangs 3, see invisible,
carnivore 3, speed 1, shaggy fur 2, slow metabolism 1, jump 2
a: Jump Attack, Burn Spellbooks, Berserk, Trog's Hand, Renounce Religion


You were on level 5 of the Dungeon.
You worshipped Trog.
Trog was pleased with you.
You were not hungry.

You visited 1 branch of the dungeon, and saw 5 of its levels.

You collected 154 gold pieces.

Inventory:

Comestibles
 c - 5 meat rations
 i - a beef jerky
 j - a slice of pizza
Scrolls
 a - 3 scrolls of remove curse
 b - 2 scrolls of identify
 d - 3 scrolls of enchant weapon
 h - a scroll of magic mapping
 l - a scroll of random uselessness {unknown}
Jewellery
 m - an uncursed ring of invisibility {unknown}
Potions
 e - a potion of mutation {unknown}
 f - a potion of haste {unknown}
 g - 2 potions of might
 k - a potion of heal wounds {unknown}
 n - a potion of curing


   Skills:
 + Level 4.7 Fighting
 + Level 6.9 Dodging
 + Level 4.1 Stealth
 + Level 5.0 Unarmed Combat


You had 5 spell levels left.
You didn't know any spells.

Dungeon Overview and Level Annotations

Branches:
Dungeon (5/15)
 Temple: D:4-7

Altars:
Ashenzari
Dithmenos
Vehumet
The Shining One

Annotations:
D:5 Dowan, Duvessa, Eustachio


Innate Abilities, Weirdness & Mutations

You cannot wear armour.
You are incapable of wielding weapons or throwing items.
Your paws have sharp claws.
You have razor-sharp teeth.
You have supernaturally acute eyesight.
You are carnivorous and can eat meat at any time.
You cover ground quickly.
You are covered in thick fur (AC +2).
You have a slow metabolism.
You can jump attack at a medium distance.


Message History

The centaur shoots an arrow.
The arrow completely misses you.
Dowan gestures wildly while chanting.
Dowan blinks!
Duvessa completely misses you. The goliath beetle closely misses you.
You claw the goliath beetle!
The goliath beetle is moderately wounded.
Duvessa misses you. The giant newt misses you. Dowan hits you with a dagger.
The goliath beetle closely misses you. Duvessa completely misses you.
Use which ability? (? or * to list)
Your skin crawls.
You feel resistant to hostile enchantments.
You feel slightly more hungry. The giant newt barely misses you.
Dowan hits you but does no damage. Duvessa hits you with a short sword.
The giant newt closely misses you.
You claw Dowan!
Dowan begins to bleed from his wounds!
You bite Dowan.
Dowan is heavily wounded.
Dowan mumbles some strange words.
Dowan blinks!
Duvessa hits you with a short sword. The giant newt bites you.
The goliath beetle bites you!
You die...

#.# ##### #[#
.......##.########
#...............##.##
r.######..#.#.........
#..#.#..#.##.##
#..#...(# #
#..#.#e##.#
#..#.#@##.#
##....lBe.<###
#......J.....#
........#.##.....
#.#.....#.# ... .
#..[..#.. .........##
......... #.#.####


You could see a goliath beetle, Duvessa, Dowan (bleeding), a jelly and a giant
newt.

Vanquished Creatures
  2 ogres (D:4)
  A scorpion (D:4)
  2 hounds (D:4)
  A quasit (D:5)
  2 orc priests (D:4)
  2 orc wizards (D:4)
  A worker ant (D:4)
  4 green rats (D:5)
  6 adders
  2 shadow imps (D:5)
  A giant mite (D:4)
  An inept item mimic (D:4)
  2 white imps (D:5)
  2 worms (D:2)
  An ufetubus (D:5)
  3 giant geckos
  11 orcs
  2 ball pythons (D:2)
  10 bats
  A bat skeleton (D:4)
  7 goblins
  4 hobgoblins
  5 jackals (D:4)
  9 kobolds
  4 quokkas
  2 giant cockroaches
  4 giant newts
  A hobgoblin zombie (D:4)
  18 rats
  A rat skeleton (D:5)
112 creatures vanquished.

Notes
Turn   | Place    | Note
--------------------------------------------------------------
     0 | D:1      | Morrogh, the Felid Berserker, began the quest for the Orb.
     0 | D:1      | Reached XP level 1. HP: 10/10 MP: 2/2
   497 | D:1      | Reached XP level 2. HP: 14/14 MP: 3/3
  1428 | D:2      | Reached XP level 3. HP: 17/17 MP: 5/5
  1867 | D:2      | Reached skill level 1 in Stealth
  2312 | D:2      | Reached XP level 4. HP: 22/22 MP: 7/7
  2731 | D:2      | Acquired Trog's second power
  3475 | D:3      | Reached skill level 5 in Dodging
  3513 | D:3      | Found a radiant altar of Vehumet.
  3513 | D:3      | Found a glowing golden altar of the Shining One.
  3564 | D:3      | Found a shattered altar of Ashenzari.
  3593 | D:3      | Found a shadowy altar of Dithmenos.
  3749 | D:4      | Noticed an ogre
  3760 | D:4      | Killed an ogre
  3760 | D:4      | Reached XP level 5. HP: 25/25 MP: 8/8
  3887 | D:4      | Slain by an orc
  3888 | D:4      | Reached XP level 4. HP: -1/22 MP: 7/7
  3900 | D:4      | Reached XP level 5. HP: 25/25 MP: 8/8
  3906 | D:4      | Reached skill level 6 in Dodging
  4062 | D:4      | Gained mutation: You are covered in thick fur (AC +2). [growing up]
  4062 | D:4      | Gained mutation: You can jump attack at a medium distance. [growing up]
  4062 | D:4      | Reached XP level 6. HP: 29/29 MP: 10/10
  4264 | D:4      | Noticed an ogre
  4274 | D:4      | Killed an ogre
  4274 | D:4      | Reached skill level 5 in Unarmed Combat
  4720 | D:5      | Entered Level 5 of the Dungeon
  4735 | D:5      | Noticed Eustachio
  4870 | D:5      | Noticed Dowan
  4872 | D:5      | Noticed Duvessa
  4888 | D:5      | Slain by a goliath beetle

Action                   |  1- 3 |  4- 6 || total
-------------------------+-------+-------++-------
Melee: Unarmed           |    84 |   259 ||   343
Invok: Berserk           |     7 |    10 ||    17
       Trog's Hand       |       |    13 ||    13
 Abil: Jump Attack       |     3 |     1 ||     4
  Use: Scroll            |     2 |     3 ||     5
       Potion            |     3 |     1 ||     4
 Stab: Sleeping          |     3 |     2 ||     5
